 Dungeon Crawl Stone Soup version 0.20.1-1-g8b1a95d (webtiles) character file.

28065 JackS81 the Transmogrifier (level 13, -6/175 HPs)
             Began as a Naga Transmuter on Aug 19, 2017.
             Was an Elder of Cheibriados.
             Mangled by a sea snake (12 damage)
             ... on level 1 of the Shoals.
             The game lasted 02:16:12 (17622 turns).

JackS81 the Transmogrifier (Naga Transmuter)       Turns: 17622, Time: 02:16:13

Health: -6/175     AC: 26    Str: 22    XL:     13   Next: 36%
Magic:  2/27       EV:  1    Int: 29    God:    Cheibriados [****..]
Gold:   695        SH:  0    Dex: 24    Spells: 19/32 levels left

rFire    . . .     SeeInvis +     - Unarmed
rCold    . . .     Gourm    .   (no shield)
rNeg     + + +     Faith    .   (armour currently unavailable)
rPois    +         Spirit   .   (helmet currently unavailable)
rElec    .         Reflect  .   (cloak currently unavailable)
rCorr    +         Harm     .   (gloves currently unavailable)
MR       +....     NoTele   +   (no barding)
Stlth    ++........             (no amulet)
Regen    0.4/turn               e - ring of resist corrosion
MPRegen  0.2/turn               C - +2 ring of intelligence

@: tree-form, barbed spikes, very slow
A: see invisible, sense surroundings 1, slow metabolism 1, spit poison 1, AC +4
a: Spit Poison, Bend Time, Temporal Distortion, Slouch, Renounce Religion


You were on level 1 of the Shoals.
You worshipped Cheibriados.
Cheibriados was greatly pleased with you.
You were full.
You were a tree.
You visited 4 branches of the dungeon, and saw 16 of its levels.

You collected 695 gold pieces.

Inventory:

Missiles
 a - 221 arrows
 r - 48 bolts
Armour
 x - a +3 large shield
 D - the +1 leather armour of Resilience (melded) {rF+ rC- Int+4}
   (You found it on level 5 of the Dungeon)

   It affects your intelligence (+4).
   It protects you from fire.
   It makes you vulnerable to cold.
 R - the +2 cloak of Zin's Hatred (melded) {Str+3}
   (You found it on level 10 of the Dungeon)

   It affects your strength (+3).
 S - a +0 hat of magic resistance (melded)
 T - a +1 troll leather armour {Snorg}
 W - a +2 robe
Magical Staves
 k - an uncursed staff of air
 E - an uncursed staff of power
 F - an uncursed staff of cold
 O - an uncursed staff of wizardry {unknown}
Jewellery
 e - a ring of resist corrosion (left branch)
 i - a +5 ring of strength
 n - an uncursed ring of wizardry
 q - a cursed ring of protection from fire
 y - an uncursed amulet of the gourmand
 A - the ring of Guagiakh {*Tele rPois Str+6 Dex-5}
   (You took it off an orc on level 4 of the Dungeon)

   [ring of teleportation]

   It may teleport you next to monsters.
   It affects your strength (+6).
   It affects your dexterity (-5).
   It protects you from poison.
 C - a +2 ring of intelligence (right branch)
 M - a +2 ring of protection
Wands
 j - a wand of lightning (3/15)
 u - a wand of paralysis (14/24)
 B - a wand of lightning (9/15)
 X - a wand of iceblast (8/15)
Scrolls
 b - a scroll of acquirement {unknown}
 h - 3 scrolls of immolation
 l - 4 scrolls of enchant weapon
 m - a scroll of teleportation
 p - 4 scrolls of enchant armour
 G - 5 scrolls of magic mapping
 H - 2 scrolls of fog
 I - 4 scrolls of amnesia
 V - a scroll of noise {unknown}
 Z - a scroll of remove curse
Potions
 f - a potion of cancellation
 g - 2 potions of brilliance
 v - a potion of mutation
 J - a potion of might
 N - a potion of flight
 P - a potion of invisibility
Books
 c - a book of Changes

   Spells                             Type                      Level
   a - Beastly Appendage              Transmutation                1
   b - Sticks to Snakes               Transmutation                2
   c - Spider Form                    Transmutation/Poison         3
   d - Ice Form                       Ice/Transmutation            4
   e - Blade Hands                    Transmutation                5
 L - a book of Power

   Spells                             Type                      Level
   a - Iskenderun's Battlesphere      Conjuration/Charms           5
   b - Venom Bolt                     Conjuration/Poison           5
   c - Bolt of Magma                  Conjuration/Fire/Earth       5
   d - Iron Shot                      Conjuration/Earth            6
   e - Orb of Destruction             Conjuration                  7
   f - Spellforged Servitor           Conjuration/Summoning        7
 Q - a book of Transfigurations

   Spells                             Type                      Level
   a - Irradiate                      Conjuration/Transmutation    5
   b - Statue Form                    Transmutation/Earth          6
   c - Hydra Form                     Transmutation                6
   d - Dragon Form                    Transmutation                7
Miscellaneous
 z - a lamp of fire
Comestibles
 d - 9 bread rations
 o - 6 royal jellies
 t - 21 fruits
 w - 4 meat rations


   Skills:
 * Level 8.2 Fighting
 - Level 1.8 Dodging
 + Level 11.2 Unarmed Combat
 + Level 10.0 Spellcasting
 + Level 11.6 Transmutations
 - Level 2.0 Ice Magic
 - Level 1.0 Poison Magic
 * Level 9.1 Invocations


You had 19 spell levels left.
You knew the following spells:

 Your Spells              Type           Power        Failure   Level  Hunger
a - Beastly Appendage     Tmut           ######       1%          1    None
b - Spider Form           Tmut/Pois      ######....   1%          3    None
c - Ice Form              Ice/Tmut       ######..     2%          4    None
d - Blade Hands           Tmut           ######....   1%          5    ###....


Dungeon Overview and Level Annotations

Branches:
Dungeon (11/15)            Temple (1/1) D:4            Lair (3/6) D:11
 Shoals (1/4) Lair:3          Orc (0/2) D:9
  Snake: Lair:2-4    Spider: Lair:2-4

Altars:
Ashenzari
Cheibriados
Dithmenos
Elyvilon
Fedhas
Gozag
Hepliaklqana
Kikubaaqudgha
Makhleb
Nemelex Xobeh
Okawaru
Qazlal
Ru
Sif Muna
Trog
Uskayaw
Vehumet
Xom
Yredelemnul
Zin
The Shining One

Shops:
D:10 [

Portals:
Trove: D:10 (give +3 shadow dragon scales)


Innate Abilities, Weirdness & Mutations

You cannot wear boots.
((Your serpentine skin is tough. (AC +4)))
You have supernaturally acute eyesight. (SInv)
((Armour fits poorly on your strangely shaped body.))
((Your system is resistant to poisons. (rPois)))
((You cover ground very slowly.))
You have a slow metabolism.
You can spit poison.
((You can use your snake-like lower body to constrict enemies.))
You passively map a small area around you.


Message History

A sea snake comes into view.
You closely miss the sea snake. The sea snake bites you.
* * * LOW HITPOINT WARNING * * *
You hit the sea snake. You freeze the sea snake.
The sea snake is lightly wounded.
The sea snake bites you but does no damage.
The sea snake barely misses you.
You don't have enough magic at the moment.
You warm up again.
The +2 cloak of Zin's Hatred {Str+3} unmelds from your body.
Your +0 hat of magic resistance unmelds from your body.
The +1 leather armour of Resilience {rF+ rC- Int+4} unmelds from your body.
You feel resistant to hostile enchantments.
You turn into a tree.
The +2 cloak of Zin's Hatred {Str+3} melds into your body.
Your +0 hat of magic resistance melds into your body.
The +1 leather armour of Resilience {rF+ rC- Int+4} melds into your body.
You feel less resistant to hostile enchantments.
Your roots penetrate the ground.
The sea snake bites you!
You die...

, * ≈≈.. .....≈≈≈
, , ≈..###.....≈≈
≈ * .......#..≈≈
,, ........≈≈≈ ,,
.......≈≈≈ ,
.......≈≈ ≈ , ,
** #S.≈.#.≈≈ *
*#♣.....≈≈
#..S....≈≈≈≈≈ ,
..(......≈≈≈≈
.≈..>....≈≈≈≈≈≈ *
, .≈.......≈≈≈≈≈≈
≈≈≈.≈≈≈≈≈≈≈≈≈≈≈≈≈
≈ ≈≈≈≈≈≈≈≈≈≈≈≈≈≈≈
≈ ≈
≈≈≈≈≈≈≈≈≈≈≈≈≈≈≈ ≈
* ≈ ≈ ≈ ≈


You could see 2 sea snakes.

Vanquished Creatures
  Gastronok (D:11)
  Josephine (D:11)
  Snorg (D:11)
  A hydra (D:10)
  2 two-headed ogres
  A queen ant (D:8)
  Nergalle (D:11)
  An unseen horror (D:10)
  The ghost of regularjogger the Archer, a novice CeHu of Okawaru (D:7)
  An ugly thing (D:11)
  The ghost of letownia the Martial Artist, a novice OpTm of Gozag (D:5)
  2 fauns (Shoals:1)
  A water nymph (Shoals:1)
  4 merfolk sirens
  A centaur skeleton (D:11)
  A gargoyle (D:10)
  A komodo dragon (Lair:2)
  5 spiny frogs
  A troll (D:9)
  Grinder (D:6)
  4 blink frogs (Lair:1)
  7 hippogriffs
  A wyvern (D:9)
  A shadow (D:11)
  A basilisk (Lair:2)
  3 wraiths (D:11)
  A hungry ghost (D:11)
  16 yaks
  Menkaure (D:6)
  3 wargs (D:11)
  8 water moccasins
  6 soldier ants (D:8)
  4 porcupines
  4 sky beasts
  5 orc warriors
  A black bear (D:9)
  2 ice beasts
  A necrophage (D:7)
  3 phantoms
  5 wolves (Lair:2)
  10 ogres
  4 centaurs
  6 crocodiles
  A big kobold (D:11)
  9 bullfrogs
  A gnoll sergeant (D:4)
  A water moccasin zombie (D:9)
  4 scorpions
  6 killer bees (D:11)
  4 howler monkeys (D:9)
  A crimson imp (D:8)
  2 bullfrog zombies
  2 centaur zombies
  A quasit (D:7)
  3 hounds
  17 orc wizards
  A gnoll shaman (D:6)
  5 orc priests
  Crazy Yiuf (D:3)
  2 jellies
  2 bullfrog skeletons
  7 iguanas
  31 worker ants
  A hound zombie (D:5)
  A hound skeleton (D:9)
  A howler monkey zombie (D:8)
  7 gnolls
  11 adders
  3 shadow imps
  3 adder skeletons
  A worm (D:2)
  2 dart slugs
  6 leopard geckos
  81 orcs
  A ball python (D:7)
  11 giant cockroaches
  16 goblins
  9 hobgoblins
  4 jackals (D:8)
  7 quokkas
  A ball python skeleton (D:5)
  A ball python zombie (D:5)
  10 bats
  6 frilled lizards
  11 kobolds
  8 rats
429 creatures vanquished.

Vanquished Creatures (others)
  A gnoll (D:6)
  A plant (Lair:2)
2 creatures vanquished.

Grand Total: 431 creatures vanquished

Notes
Turn   | Place    | Note
-------+----------+-------------------------------------------
     0 | D:1      | JackS81 the Naga Transmuter began the quest for the Orb.
     0 | D:1      | Reached XP level 1. HP: 18/18 MP: 3/3
   288 | D:1      | Reached XP level 2. HP: 25/25 MP: 3/5
   677 | D:1      | Reached XP level 3. HP: 21/31 MP: 6/6
   682 | D:1      | Learned a level 3 spell: Spider Form
  1154 | D:2      | Reached skill level 1 in Poison Magic
  1297 | D:2      | Reached XP level 4. HP: 32/38 MP: 4/7
  1609 | D:2      | Found an iron altar of Okawaru.
  1854 | D:3      | Reached XP level 5. HP: 39/44 MP: 3/8
  1987 | D:3      | Learned a level 4 spell: Ice Form
  2458 | D:3      | Found a runed door.
  2463 | D:3      | Noticed Crazy Yiuf
  2475 | D:3      | Killed Crazy Yiuf
  2784 | D:4      | Noticed an ogre
  2798 | D:4      | Killed an ogre
  2798 | D:4      | Reached skill level 1 in Ice Magic
  2798 | D:4      | Reached XP level 6. HP: 48/51 MP: 5/9
  2918 | D:4      | Reached skill level 5 in Transmutations
  2988 | D:4      | Reached skill level 5 in Unarmed Combat
  3037 | D:4      | Reached XP level 7. HP: 41/57 MP: 7/10
  3281 | D:4      | Got a glittering lapis lazuli ring
  3291 | D:4      | Found a staircase to the Ecumenical Temple.
  3315 | Temple   | Entered the Ecumenical Temple
  3412 | Temple   | Became a worshipper of Cheibriados the Contemplative
  3587 | D:4      | Identified the ring of Guagiakh {*Tele rPois Str+6 Dex-5} (You took it off an orc on level 4 of the Dungeon)
  3796 | D:5      | Entered Level 5 of the Dungeon
  4414 | D:5      | Reached * piety under Cheibriados
  4481 | D:5      | Got a transparent leather armour
  4486 | D:5      | Reached XP level 8. HP: 64/64 MP: 2/11
  4601 | D:5      | Noticed letownia's ghost (novice OpTm)
  4610 | D:5      | Killed letownia's ghost
  4832 | D:6      | Noticed Grinder
  4832 | D:6      | Noticed Menkaure
  4907 | D:6      | HP: 2/81 [iguana (6)]
  5407 | D:6      | Reached ** piety under Cheibriados
  5690 | D:6      | Killed Grinder
  5690 | D:6      | Reached XP level 9. HP: 35/74 MP: 9/12
  5692 | D:6      | Identified the +1 leather armour of Resilience {rF+ rC- Int+4} (You found it on level 5 of the Dungeon)
  6157 | D:6      | Killed Menkaure
  6474 | D:7      | Noticed regularjogger's ghost (novice CeHu)
  6515 | D:7      | Killed regularjogger's ghost
  6995 | D:7      | Learned a level 5 spell: Blade Hands
  7091 | D:7      | Reached skill level 10 in Unarmed Combat
  7267 | D:7      | Reached XP level 10. HP: 81/81 MP: 12/16
  7319 | D:8      | Reached *** piety under Cheibriados
  8093 | D:8      | Noticed a queen ant
  8283 | D:8      | Killed a queen ant
  8283 | D:8      | Reached skill level 5 in Spellcasting
  8419 | D:8      | Reached **** piety under Cheibriados
  8630 | D:8      | Gained mutation: You passively map a small area around you. [potion of mutation]
  8630 | D:8      | Gained mutation: You are clumsy. (Dex -2) [potion of mutation]
  8630 | D:8      | Lost mutation: You are clumsy. (Dex -2) [potion of mutation]
  9135 | D:9      | Reached skill level 5 in Invocations
  9807 | D:9      | Reached ***** piety under Cheibriados
  9846 | D:9      | Reached XP level 11. HP: 52/90 MP: 11/19
 10126 | D:9      | Found a staircase to the Orcish Mines.
 10751 | D:9      | Found a stormy altar of Qazlal.
 10989 | D:9      | Noticed a two-headed ogre
 10999 | D:9      | Killed a two-headed ogre
 11160 | D:10     | Entered Level 10 of the Dungeon
 11341 | D:10     | Noticed an unseen horror
 11343 | D:10     | Killed an unseen horror
 11370 | D:10     | Found a portal to a secret trove of treasure.
 11466 | D:10     | Noticed a two-headed ogre
 11488 | D:10     | Killed a two-headed ogre
 11991 | D:10     | Got a polished cloak
 12004 | D:10     | Identified the +2 cloak of Zin's Hatred {Str+3} (You found it on level 10 of the Dungeon)
 12103 | D:10     | Found Dico's Armour Boutique.
 12520 | D:11     | Noticed Nergalle
 12545 | D:11     | Noticed a four-headed hydra
 12553 | D:10     | Killed a four-headed hydra
 12553 | D:10     | Reached skill level 5 in Fighting
 12927 | D:11     | Noticed Gastronok
 12940 | D:11     | Killed Gastronok
 12940 | D:11     | Reached skill level 10 in Transmutations
 12940 | D:11     | Reached XP level 12. HP: 90/104 MP: 20/23
 13052 | D:11     | Noticed Snorg
 13062 | D:11     | Killed Snorg
 13070 | D:11     | Killed Nergalle
 13312 | D:11     | Noticed Josephine
 13325 | D:11     | Killed Josephine
 13369 | D:11     | Reached ****** piety under Cheibriados
 13628 | D:11     | Found a staircase to the Lair.
 14308 | Lair:1   | Entered Level 1 of the Lair of Beasts
 16007 | Lair:2   | Gained mutation: You can use your snake-like lower body to constrict enemies. [Naga growth]
 16007 | Lair:2   | Reached XP level 13. HP: 115/115 MP: 26/26
 16923 | Lair:3   | Found a staircase to the Shoals.
 16932 | Shoals:1 | Entered Level 1 of the Shoals
 16945 | Shoals:1 | Reached skill level 10 in Spellcasting
 17612 | Shoals:1 | Noticed a merfolk javelineer
 17620 | Shoals:1 | HP: 4/140 [sea snake (5)]
 17622 | Shoals:1 | Mangled by a sea snake

Skill      XL: |  1  2  3  4  5  6  7  8  9 10 11 12 13 |
---------------+----------------------------------------+-----
Transmutations | 3 4 5 6 7 8 10 11 | 11.6
Poison Magic   | 1 |  1.0
Unarmed Combat | 4 5 6 8 10 11 | 11.2
Ice Magic      | 1 2 |  2.0
Fighting       | 2 3 5 7 8 |  8.2
Invocations    | 2 5 6 8 9 |  9.1
Spellcasting   | 4 5 7 9 10 | 10.0
Dodging        | |  1.8

Action                   |  1- 3 |  4- 6 |  7- 9 | 10-12 | 13-15 || total
-------------------------+-------+-------+-------+-------+-------++-------
Melee: Unarmed           |    80 |    93 |   246 |   499 |    97 ||  1015
       Headbutt          |     7 |       |       |       |       ||     7
       Punch             |     1 |     1 |     1 |     7 |       ||    10
Throw: Stone             |    17 |     3 |     5 |     1 |       ||    26
 Cast: Beastly Appendage |    10 |       |       |       |       ||    10
       Spider Form       |     7 |    23 |    24 |    14 |       ||    68
       Ice Form          |       |     2 |    18 |    42 |    15 ||    77
       Blade Hands       |       |       |     2 |    18 |       ||    20
Invok: Bend Time         |       |       |     1 |     5 |     1 ||     7
       Slouch            |       |       |       |     1 |     4 ||     5
       Temporal Distorti |       |       |       |     1 |     3 ||     4
       Step From Time    |       |       |       |       |     2 ||     2
 Abil: Spit Poison       |       |     3 |     5 |     2 |     1 ||    11
       End Transformatio |       |       |       |     1 |       ||     1
  Use: Scroll            |       |       |    10 |     9 |     1 ||    20
       Potion            |       |       |     6 |    10 |     7 ||    23
 Stab: Sleeping          |       |       |     1 |     6 |     2 ||     9
  Eat: Chunk             |     1 |     8 |    12 |     8 |       ||    29
       Fruit             |     1 |       |     5 |     2 |       ||     8
       Meat ration       |       |       |       |     3 |     1 ||     4
       Bread ration      |       |       |       |     1 |       ||     1
Armor: Robe              |    12 |     3 |     9 |    17 |       ||    41
       Skin              |     3 |     4 |    35 |    78 |    35 ||   155
       Leather armour    |       |       |       |    22 |       ||    22
Dodge: Dodged            |    68 |    71 |   183 |   304 |    51 ||   677
